 Dungeon Crawl Stone Soup version 0.26.1-11-gd32895ea62 (webtiles) character file.

Game seed: 8847808656286247139

22 nomophobia the Skirmisher (level 2, 0/24 HPs)
             Began as a Demonspawn Berserker on May 20, 2021.
             Was a Follower of Trog.
             Succumbed to an adder's poison
             ... on level 3 of the Dungeon.
             The game lasted 00:09:26 (1361 turns).

nomophobia the Skirmisher (Demonspawn Berserker)    Turns: 1361, Time: 00:09:27

Health: 0/24       AC:  3    Str: 17    XL:     2   Next: 68%
Magic:  2/2        EV: 12    Int:  8    God:    Trog [*.....]
Gold:   92         SH:  0    Dex: 12    Spells: 1/1 levels left

rFire    . . .     SeeInvis .   a - +0 hand axe
rCold    . . .     Faith    .   (no shield)
rNeg     . . .     Spirit   .   b - +0 animal skin
rPois    .         Reflect  .   (no helmet)
rElec    .         Harm     .   (no cloak)
rCorr    .         Rampage  .   o - +0 pair of gloves
Will     .....                  (no boots)
Stlth    +.........             (no amulet)
HPRegen  0.08/turn              (no ring)
MPRegen  0.08/turn              (no ring)

@: lethally poisoned (0 -> -4)
A: miasma immunity
a: Renounce Religion, Berserk


You were on level 3 of the Dungeon.
You worshipped Trog.
Trog was aware of your devotion.
You visited 1 branch of the dungeon, and saw 3 of its levels.

You collected 92 gold pieces.

Inventory:

Hand Weapons
 a - a +0 hand axe (weapon)
Armour
 b - a +0 animal skin (worn)
 o - a +0 pair of gloves (worn)
Jewellery
 m - an uncursed ring of resist corrosion {unknown}
Scrolls
 c - 2 scrolls of magic mapping {unknown}
 d - 3 scrolls of identify {unknown}
 f - a scroll of amnesia {unknown}
 g - 2 scrolls of fog {unknown}
 h - 3 scrolls of enchant weapon {unknown}
 k - 3 scrolls of blinking {unknown}
Potions
 e - a potion of cancellation {unknown}
 i - a potion of attraction {unknown}
 j - 2 potions of curing {unknown}
 l - a potion of heal wounds {unknown}
 n - a potion of degeneration {unknown}


   Skills:
 + Level 3.2 Fighting
 * Level 3.1 Axes
 + Level 1.9 Armour
 - Level 2.0 Dodging
 - Level 0.4 Stealth


You had one spell level left.
You didn't know any spells.
Your spell library was empty.

Dungeon Overview and Level Annotations

Branches:
Dungeon (3/15)

Altars:
Trog


Innate Abilities, Weirdness & Mutations

You are immune to miasma.


Message History

You hit the rat.
You kill the rat!
Trog accepts your kill. The adder bites you.
* * * LOW HITPOINT WARNING * * *
The adder bites you.
* * * LOW HITPOINT WARNING * * *
You are lethally poisoned!
The adder poisons you!
Unknown command.
* * * LOW HITPOINT WARNING * * *
You feel sick.
Found 14 gold pieces.
You see here a rat corpse.
* * * LOW HITPOINT WARNING * * *
You feel sick. The adder bites you but does no damage.
* * * LOW HITPOINT WARNING * * *
You feel sick.
You die...

###########
#.<.......##########
#.............##...##
#........_..........##
#....................#
#.[...........(..>...#
#....................#
####.##.......S......#
# #.####.....#.@..#.
####......#..###.#.# #
......######.# #S#.#.#
#....#######.# #.#...#
..#......r....##....#
....#######....K..#..#
..S### #####K..# .#
.#...######.K.....# #
.###.....##.####......


You could see 2 adders and 2 kobolds.

Vanquished Creatures
  A dart slug (D:1)
  5 goblins (D:1)
  2 hobgoblins
  3 kobolds
  4 bats
  5 rats
20 creatures vanquished.

Notes
Turn   | Place    | Note
-------+----------+-------------------------------------------
     0 | D:1      | nomophobia the Demonspawn Berserker began the quest for the
                  | Orb.
     0 | D:1      | Reached XP level 1. HP: 18/18 MP: 1/1
   426 | D:1      | Gained mutation: You are immune to miasma. [demonic
                  | ancestry]
   426 | D:1      | Reached XP level 2. HP: 21/24 MP: 2/2
  1269 | D:3      | Found a bloodstained altar of Trog.
  1359 | D:3      | HP: 1/24 [poisoned by an adder]
  1361 | D:3      | Succumbed to an adder's poison

Illustrated notes

Levels and vault maps discovered:
D:1:      ebering_hopf_link, layout_loops_ring
D:2:      layout_basic
D:3:      layout_rooms, bloody_trog, portal_sewer_entry_a,
          corexii_leaking_fountain, uniq_grinder

Skill      XL: |  1  2 |
---------------+-------+-----
Dodging        | 2 |  2.0
Axes           | 3 |  3.1
Fighting       | |  3.2
Armour         | |  1.9
Stealth        | |  0.4

Action                   || total
-------------------------++-------
Melee: Hand axe          ||    56
 Stab: Sleeping          ||     1
Armor: Animal skin       ||    22
Dodge: Dodged            ||    48
